 Dungeon Crawl Stone Soup version 0.30.2 (webtiles) character file.

Game seed: 7569873145899979829

850 fuwafuwa the Frost Mage (level 8, -1/52 HPs)
             Began as a Human Ice Elementalist on Mar 5, 2024.
             Slain by a phantom (2 damage)
             ... on level 6 of the Dungeon.
             The game lasted 00:15:49 (5594 turns).

fuwafuwa the Frost Mage (Human Ice Elementalist)    Turns: 5594, Time: 00:15:49

Health: -1/52      AC: 11    Str: 12    XL:     8   Next: 21%
Magic:  1/13       EV: 11    Int: 14    God:
Gold:   244        SH:  3    Dex: 13    Spells: 3/14 levels left

rFire   + . .        i - +9 rapier "Zolliuth" {drain, Will+ rCorr Int-3 SInv}
rCold   . . .        m - +0 buckler
rNeg    . . .        u - +1 robe {Will+}
rPois   .            (no helmet)
rElec   .            y - +0 cloak
rCorr   +            (no gloves)
SInv    +            (no boots)
Will    ++...        (no amulet)
Stlth   ++           (no ring)
HPRegen 0.28/turn    (no ring)
MPRegen 0.13/turn

%: no passive effects
@: ice-armoured, freezing walls
A: fire resistance 1, strong 1, MP-powered wands, noise suppression
a: no special abilities


You were on level 6 of the Dungeon.
You visited 1 branch of the dungeon, and saw 6 of its levels.

You collected 244 gold pieces.

Inventory:

Hand Weapons
 f - a +1 heavy dagger
 i - the +9 rapier "Zolliuth" (weapon) {drain, Will+ rCorr Int-3 SInv}
   (You found it on level 2 of the Dungeon)

   Int:       It affects your intelligence (-3).
   SInv:      It lets you see invisible.
   rCorr:     It protects you from acid and corrosion.
   Will:      It increases your willpower.
 n - a +1 heavy spear
 B - a +1 triple crossbow of flaming
Missiles
 o - 2 curare-tipped darts
Armour
 m - a +0 buckler (worn)
 u - a +1 robe of willpower (worn)
 y - a +0 cloak (worn)
Jewellery
 r - a ring of resist corrosion
 v - a ring of protection from cold
 w - a ring of fire
Wands
 j - a wand of charming (11)
 s - a wand of flame (33)
Scrolls
 d - a scroll of fog
 e - a scroll of blinking
 h - 3 scrolls of vulnerability
 k - a scroll of immolation
 A - a scroll of identify
 D - a scroll of teleportation {unknown}
Potions
 a - a potion of invisibility {unknown}
 b - a potion of magic
 c - 2 potions of curing {unknown}
 g - a potion of lignification {unknown}
 l - a potion of haste {unknown}
 p - a potion of ambrosia {unknown}
 q - a potion of attraction {unknown}
 t - 2 potions of brilliance {unknown}
 x - 2 potions of mutation
 z - a potion of flight {unknown}
 C - a potion of might {unknown}


   Skills:
 - Level 2.0 Dodging
 - Level 2.0 Stealth
 - Level 3.7 Spellcasting
 * Level 9.0 Ice Magic


You had 3 spell levels left.
You knew the following spells:

 Your Spells              Type           Power      Damage    Failure   Level
a - Freeze                Ice            100%       1d10      1%          1
b - Frozen Ramparts       Ice            54%        1d9       2%          3
c - Ozocubu's Armour      Ice            27%        N/A       2%          3
d - Summon Ice Beast      Ice/Summ       15%        N/A       41%         4

Your spell library contained the following spells:

 Spells                   Type           Power      Damage    Failure   Level


Dungeon Overview and Level Annotations

Branches:
Dungeon (6/15)
 Temple: D:4-7

Altars:
Nemelex Xobeh


Innate Abilities, Weirdness & Mutations

Your flesh is heat resistant. (rF+)
Your muscles are strong. (Str +4, Int/Dex -1)
You expend magic power (3 MP) to strengthen your wands.
You passively dampen the noise of your surroundings.


Message History

You hit the phantom.
The phantom is moderately damaged.
You feel sick. The phantom hits you.
* * * LOW HITPOINT WARNING * * *
The phantom hits you.
* * * LOW HITPOINT WARNING * * *
Casting: Freeze (safe; 1% risk of failure)
Confirm with . or Enter, or press ? or * to list all spells.
Casting: Frozen Ramparts (dangerous; 2% risk of failure)
Press: ? - help, Dir - look around, f - activate The walls around you are covered in ice.
You feel sick.
The wall freezes the scorpion.
The phantom completely resists.
The wall freezes the phantom but does no damage.
The phantom hits you!
* * * LOW HITPOINT WARNING * * *
The wall freezes the scorpion but does no damage.
Casting: Frozen Ramparts (dangerous; 2% risk of failure)
Confirm with . or Enter, or press ? or * to list all spells.
A film of ice covers your body!
* * * LOW HITPOINT WARNING * * *
You feel sick.
The wall freezes the scorpion!
The phantom completely resists.
The wall freezes the phantom but does no damage.
The phantom hits you but does no damage.
You puncture the phantom!
The phantom is heavily damaged.
* * * LOW HITPOINT WARNING * * *
You feel sick.
The wall freezes the scorpion.
The phantom resists.
The wall freezes the phantom.
The phantom misses you.
It was a potion of mutation.
You feel extremely strange.
You feel your magical essence link to the dungeon's wands.
You feel stronger.
You feel resistant to heat.
You feel your surroundings grow quieter.
* * * LOW HITPOINT WARNING * * *
You feel sick.
You are no longer poisoned.
The wall freezes the scorpion.
You kill the scorpion!
The wall freezes the phantom but does no damage.
The phantom hits you.
You die...

####### #
#.....####.#.
#..<...$....
#.#.#.......##.#
#.......[s......
###.#..)........
.. ##.))##.##.#
## ###.##.##.#
#.W@....#
###...### #...#
#...# #.$.#
..... ......
.......


You could see a phantom.

Vanquished Creatures
  A phantom (D:5)
  A bullfrog (D:5)
  2 scorpions
  A howler monkey (D:5)
  2 hounds
  Crazy Yiuf (D:3)
  3 orc priests
  Ijyb (D:3)
  Jessica (D:3)
  Terence (D:3)
  5 iguanas (D:5)
  3 orc wizards
  Robin (D:4)
  3 adders
  2 ufetubi (D:5)
  A worm (D:3)
  4 dart slugs
  11 orcs
  8 bats
  4 endoplasms
  A giant cockroach (D:4)
  12 goblins
  4 hobgoblins
  7 jackals (D:4)
  3 quokkas
  10 ball pythons
  4 frilled lizards
  5 kobolds
  2 rats (D:2)
104 creatures vanquished.

Notes
Turn   | Place    | Note
-------+----------+-------------------------------------------
     0 | D:1      | fuwafuwa the Human Ice Elementalist began the quest for the
                  | Orb.
     0 | D:1      | Reached XP level 1. HP: 13/13 MP: 3/3
   195 | D:1      | Reached XP level 2. HP: 17/19 MP: 0/5
  1175 | D:2      | Reached XP level 3. HP: 20/24 MP: 2/6
  1220 | D:2      | Found a sparkling altar of Nemelex Xobeh.
  1245 | D:2      | Identified the +9 rapier "Zolliuth" {drain, Will+ rCorr
                  | Int-3 SInv}
  2255 | D:3      | Noticed Terence
  2261 | D:3      | Learned a level 3 spell: Frozen Ramparts
  2265 | D:3      | Learned a level 3 spell: Ozocubu's Armour
  2274 | D:3      | Killed Terence
  2275 | D:3      | Reached XP level 4. HP: 6/30 MP: 0/8
  2508 | D:3      | Noticed Jessica
  2514 | D:3      | Killed Jessica
  2700 | D:3      | Reached skill level 5 in Ice Magic
  2700 | D:3      | Reached XP level 5. HP: 26/35 MP: 2/10
  2715 | D:3      | Learned a level 4 spell: Summon Ice Beast
  2858 | D:3      | Found a runed translucent door.
  2858 | D:3      | Noticed Ijyb
  2859 | D:3      | Noticed Crazy Yiuf
  2876 | D:3      | Killed Crazy Yiuf
  2890 | D:3      | Killed Ijyb
  2891 | D:3      | Reached XP level 6. HP: 26/41 MP: 1/11
  3544 | D:4      | Reached skill level 6 in Ice Magic
  4046 | D:4      | Reached XP level 7. HP: 22/46 MP: 12/12
  4217 | D:4      | Reached skill level 7 in Ice Magic
  4460 | D:4      | Noticed Robin
  4467 | D:4      | Killed Robin
  4619 | D:5      | Entered Level 5 of the Dungeon
  4894 | D:5      | Reached skill level 8 in Ice Magic
  4937 | D:5      | Reached XP level 8. HP: 15/52 MP: 5/13
  5586 | D:6      | Reached skill level 9 in Ice Magic
  5592 | D:6      | HP: 2/52 [poisoned by a scorpion]
  5594 | D:6      | Gained mutation: You expend magic power (3 MP) to
                  | strengthen your wands. [potion of mutation]
  5594 | D:6      | Gained mutation: Your muscles are strong. (Str +4, Int/Dex
                  | -1) [potion of mutation]
  5594 | D:6      | Gained mutation: Your flesh is heat resistant. (rF+)
                  | [potion of mutation]
  5594 | D:6      | Gained mutation: You passively dampen the noise of your
                  | surroundings. [potion of mutation]
  5594 | D:6      | Slain by a phantom

Illustrated notes

Levels and vault maps discovered:
D:1:      saegor_arrival_fortress, layout_basic
D:2:      layout_basic, basic_altar
D:3:      layout_basic, uniq_crazy_yiuf_cottage, uniq_ijyb, uniq_jessica,
          uniq_terence
D:4:      layout_loops_ring, uniq_robin
D:5:      layout_loops_cross, nicolae_ossuary_entry_monument
D:6:      layout_loops_cross, kennysheep_mini_moat, nemelex_spade_bored_becter,
          gup_sewer_entry_bubbles, sigmund_army

Skill      XL: |  1  2  3  4  5  6  7  8 |
---------------+-------------------------+-----
Spellcasting   | 3 |  3.7
Ice Magic      | 5 6 8 9 |  9.0
Dodging        | |  2.0
Stealth        | |  2.0

Action                     |  1- 3 |  4- 6 |  7- 9 || total
---------------------------+-------+-------+-------++-------
  Melee: Unarmed           |     9 |       |       ||     9
         Rapier            |    16 |    53 |    45 ||   114
   Cast: Freeze            |    40 |    10 |    21 ||    71
         Frozen Ramparts   |     1 |     7 |     6 ||    14
         Ozocubu's Armour  |     1 |     3 |     1 ||     5
  Evoke: Wand              |       |     5 |       ||     5
    Use: Scroll            |       |       |     8 ||     8
         Potion            |       |       |     1 ||     1
   Stab: Sleeping          |       |     3 |     3 ||     6
 Armour: Robe              |    14 |    12 |    20 ||    46
  Dodge: Dodged            |    34 |    45 |    38 ||   117
  Block: Buckler           |       |    13 |     5 ||    18
